 Dungeon Crawl Stone Soup version 0.27-a0-1202-ge72e49191c (webtiles) character file.

Game seed: 8864775641735150189

12976 Hasart the Frost Mage (level 12, 0/68 HPs)
             Began as a Kobold Ice Elementalist on May 27, 2021.
             Was an Initiate of Gozag.
             Shot with an arrow by a centaur (6 damage)
             ... led by a centaur warrior
             ... on level 11 of the Dungeon on June 2, 2021.
             The game lasted 00:28:34 (14668 turns).

Hasart the Frost Mage (Kobold Ice Elementalist)    Turns: 14668, Time: 00:28:34

Health: 0/68       AC:  7    Str:  6    XL:     12   Next: 26%
Magic:  6/23       EV: 17    Int: 28    God:    Gozag
Gold:   734        SH:  0    Dex: 13    Spells: 11/26 levels left

rFire    . . .     SeeInvis .   k - +1 rapier
rCold    + + +     Faith    .   (shield restricted)
rNeg     . . .     Spirit   .   H - +1 robe of Limitation {rC++ Int+8 Dex-3}
rPois    .         Reflect  .   (no helmet)
rElec    .         Harm     .   h - +2 cloak {Will+}
rCorr    .         Rampage  .   (no gloves)
Will     ++...                  g - +0 pair of boots
Stlth    +++++.....             (no amulet)
HPRegen  0.21/turn              d - ring of protection from cold
MPRegen  0.18/turn              f - ring of willpower

@: gold aura
A: small, no large weapons, nightstalker 3
a: Renounce Religion, Potion Petition, Call Merchant, Bribe Branch


You were on level 11 of the Dungeon.
You worshipped Gozag.
Gozag was pleased with you.
You visited 2 branches of the dungeon, and saw 12 of its levels.

You collected 1573 gold pieces.
You spent 72 gold pieces at shops.
You paid 767 gold pieces to Gozag.

Inventory:

Hand Weapons
 k - a +1 rapier (weapon)
 A - a +2 flail of holy wrath
 D - a +5 mace
Missiles
 r - 12 boomerangs of dispersal
 u - a throwing net
Armour
 g - a +0 pair of boots (worn)
 h - a +2 cloak of willpower (worn)
 n - a +0 buckler
 H - the +1 robe of Limitation (worn) {rC++ Int+8 Dex-3}
   (You found it on level 9 of the Dungeon)

   It affects your intelligence (+8).
   It affects your dexterity (-3).
   It greatly protects you from cold.
Jewellery
 d - a ring of protection from cold (left hand)
 f - a ring of willpower (right hand)
 o - an amulet of guardian spirit
 q - a ring of willpower
 z - an amulet of the acrobat
 B - a ring of magical power
 F - a ring of poison resistance
Wands
 t - a wand of polymorph (5)
 y - a wand of flame (13)
 I - a wand of iceblast (10)
Scrolls
 c - 8 scrolls of identify
 e - a scroll of fear
 i - 3 scrolls of enchant weapon
 l - 2 scrolls of teleportation
 x - 2 scrolls of blinking {unknown}
 E - a scroll of amnesia
Potions
 a - a potion of resistance {unknown}
 b - 4 potions of attraction
 j - 3 potions of mutation {unknown}
 m - 3 potions of might {unknown}
 p - 4 potions of invisibility {unknown}
 s - a potion of heal wounds
 v - a potion of magic {unknown}
 w - 4 potions of curing
 C - a potion of brilliance {unknown}
 G - a potion of berserk rage {unknown}


   Skills:
 - Level 5.0 Fighting
 - Level 7.0 Short Blades
 - Level 7.0 Dodging
 + Level 10.5 Stealth
 + Level 4.7 Shields
 + Level 7.6 Spellcasting
 + Level 3.7 Conjurations
 + Level 3.6 Fire Magic
 * Level 11.0 Ice Magic
 + Level 1.6 Evocations


You had 11 spell levels left.
You knew the following spells:

 Your Spells              Type           Power      Damage    Failure   Level
a - Freeze                Ice            100%       1d11      1%          1
b - Frozen Ramparts       Ice            100%       1d12      1%          3
c - Ozocubu's Armour      Ice            64%        N/A       1%          3
d - Hailstorm             Conj/Ice       51%        3d11      2%          4
e - Sticky Flame          Conj/Fire      31%        2d5       11%         4

Your spell library contained the following spells:

 Spells                   Type           Power      Damage    Failure   Level
 Foxfire                  Conj/Fire      100%       2x1d9     1%          1
 Conjure Flame            Conj/Fire      31%        6-21      3%          3
 Beastly Appendage        Tmut           20%        N/A       5%          1
 Ice Form                 Ice/Tmut       41%        N/A       5%          4
 Wereblood                Tmut           10%        N/A       8%          2
 Inner Flame              Hex/Fire       20%        N/A       8%          3
 Spider Form              Tmut/Pois      5%         N/A       16%         3
 Metabolic Englaciation   Hex/Ice        20%        N/A       16%         5
 Fireball                 Conj/Fire      15%        3d8       30%         5
 Hydra Form               Tmut           5%         N/A       82%         5


Dungeon Overview and Level Annotations

Branches:
Dungeon (11/15)            Temple (1/1) D:4            Lair (0/6) D:9
    Orc: D:9-12

Altars:
Ashenzari
Cheibriados
Dithmenos
Elyvilon
Fedhas
Gozag
Hepliaklqana
Kikubaaqudgha
Makhleb
Nemelex Xobeh
Okawaru
Qazlal
Ru
Sif Muna
Trog
Uskayaw
Vehumet
Wu Jian
Xom
Yredelemnul
Zin
The Shining One

Shops:
D:8 ?:!


Innate Abilities, Weirdness & Mutations

You are small and have problems with some larger weapons.
You are completely attuned to the shadows.


Message History

A centaur warrior comes into view.
The wall freezes Urug.
Urug hits you with a +3 long sword of holy wrath!
The centaur shoots an arrow.
The arrow barely misses you.
Unknown command.
Casting: Freeze (safe; 1% risk of failure)
Confirm with . or Enter, or press ? or * to list all spells.
Aiming: Freeze (safe; 1% risk of failure)
Press: ? - help, Shift-Dir - straight line, f/p - Urug
Aim: Urug, wielding a +3 long sword of holy wrath, wearing a +0 ring mail and quivering javelins (almost dead)
You freeze Urug.
Urug is almost dead.
The centaur is no longer distracted by gold.
The centaur shoots an arrow.
The arrow barely misses you.
The wall freezes Urug.
Urug barely misses you.
The centaur warrior wields a +0 shortbow.
The centaur warrior shoots an arrow.
The arrow hits you!!
* * * LOW HITPOINT WARNING * * *
The wall freezes the centaur!
The centaur shoots an arrow.
The arrow closely misses you.
Unknown command.
Casting: Freeze (safe; 1% risk of failure)
Confirm with . or Enter, or press ? or * to list all spells.
Aiming: Freeze (safe; 1% risk of failure)
Press: ? - help, Shift-Dir - straight line, f/p - Urug
Aim: Urug, wielding a +3 long sword of holy wrath, wearing a +0 ring mail and quivering javelins (almost dead)
You freeze Urug.
Urug is almost dead.
The wall freezes the centaur!
The centaur shoots an arrow.
The arrow misses you.
The wall freezes Urug.
You kill Urug!
The centaur shoots an arrow.
The arrow closely misses you.
Your Ice Magic skill increases to level 11!
Unknown command.
Your icy armour and frozen ramparts will break if you move.
Continue?
Your icy armour cracks and falls away as you move.
The frozen ramparts melt away as you move.
The centaur shoots an arrow.
The arrow hits you.
You die...
Your body crumbles into a pile of gold.

.# #.. #..#
..# #.#
#..c## #.#
#.# ...c.#
#.# #.#
...c.###.##
#.#
....$.@...#
#<#
#...####..#
#.# #.##
#..#####.#
..
#........#
.......#####
$ .....#...#
#.##...#.#
#. ##.####
#.


You could see 2 centaurs.

Vanquished Creatures
  6 two-headed ogres
  Urug (D:11)
  Maurice (D:11)
  Psyche (D:8)
  2 tengu conjurers (D:8)
  A hornet (D:9)
  3 wyverns
  14 yaks
  A steam dragon (D:8)
  Grum (D:9)
  2 vampire mosquitoes (D:11)
  Menkaure (D:5)
  2 wargs (D:9)
  An acid dragon (D:8)
  A water moccasin (D:6)
  3 orc warriors
  A hornet zombie (D:5)
  2 black bears (D:6)
  A necrophage (D:5)
  2 ice beasts
  3 wolves (D:9)
  2 ogres (D:4)
  3 centaurs
  A phantom (D:6)
  2 bullfrogs
  A wyvern zombie (D:7)
  3 scorpions
  A water moccasin zombie (D:5)
  7 killer bees
  A howler monkey (D:10)
  4 wights (D:7)
  4 electric eels (D:10)
  2 centaur zombies (D:9)
  A bullfrog zombie (D:5)
  A hound (D:6)
  4 orc priests
  2 gnoll shamans
  Crazy Yiuf (D:2)
  A bullfrog skeleton (D:5)
  6 jellies
  3 iguanas (D:5)
  7 orc wizards
  2 killer bee zombies (D:8)
  3 howler monkey zombies
  10 gnolls
  A howler monkey skeleton (D:7)
  7 adders
  A shadow imp (D:6)
  A white imp (D:6)
  An ufetubus (D:6)
  3 worms
  13 orcs
  6 bats
  5 endoplasms
  3 giant cockroaches
  6 hobgoblins
  11 jackals
  6 quokkas
  5 ball pythons
  2 frilled lizards
  5 goblins
  15 kobolds
  7 rats
220 creatures vanquished.

Vanquished Creatures (others)
  A golden eye (shapeshifter) (D:10)
  7 bushes (D:8)
  6 fungi
  13 plants
27 creatures vanquished.

Grand Total: 247 creatures vanquished

Notes
Turn   | Place    | Note
-------+----------+-------------------------------------------
     0 | D:1      | Hasart the Kobold Ice Elementalist began the quest for the
                  | Orb.
     0 | D:1      | Reached XP level 1. HP: 10/10 MP: 3/3
    32 | D:1      | Upgraded the game from 0.27-a0-1196-g3e9cee4cb2 to
                  | 0.27-a0-1202-ge72e49191c
   213 | D:1      | Reached XP level 2. HP: 15/15 MP: 3/5
   528 | D:1      | Reached XP level 3. HP: 19/19 MP: 4/6
   788 | D:1      | Learned a level 3 spell: Frozen Ramparts
   853 | D:2      | Found a broken altar of Ashenzari.
   987 | D:2      | Reached XP level 4. HP: 24/24 MP: 3/7
  1673 | D:2      | Found a runed translucent door.
  1676 | D:2      | Noticed Crazy Yiuf
  1686 | D:2      | Killed Crazy Yiuf
  1687 | D:2      | Reached skill level 5 in Ice Magic
  1687 | D:2      | Reached XP level 5. HP: 28/28 MP: 3/9
  2138 | D:3      | Found a white marble altar of Elyvilon.
  2145 | D:3      | Found a radiant altar of Vehumet.
  2157 | D:3      | Found a bloodstained altar of Trog.
  2226 | D:3      | Found an ornate altar of the Wu Jian Council.
  2488 | D:3      | Found a faded altar of an unknown god.
  2537 | D:3      | Found an ancient bone altar of Kikubaaqudgha.
  2971 | D:4      | Reached XP level 6. HP: 32/32 MP: 6/10
  3106 | D:4      | Found a staircase to the Ecumenical Temple.
  3129 | Temple   | Entered the Ecumenical Temple
  3314 | Temple   | Became a worshipper of Gozag Ym Sagoz the Greedy
  3412 | D:4      | Noticed an ogre
  3423 | D:4      | Killed an ogre
  3424 | D:4      | Reached XP level 7. HP: 3/36 MP: 6/12
  3730 | D:4      | Reached skill level 5 in Stealth
  3999 | D:4      | Reached skill level 6 in Ice Magic
  4508 | D:5      | Entered Level 5 of the Dungeon
  4508 | D:5      | Noticed Menkaure
  4518 | D:5      | Killed Menkaure
  4998 | D:4      | Learned a level 3 spell: Ozocubu's Armour
  5014 | D:5      | Reached skill level 5 in Dodging
  5014 | D:5      | Reached XP level 8. HP: 23/41 MP: 11/14
  5455 | D:5      | Identified the +2 quarterstaff of Patience {vorpal, +Rage
                  | rC+ Int-4}
  5668 | D:5      | HP: 2/41 [hornet zombie (11)]
  6502 | D:5      | Reached skill level 1 in Short Blades
  6692 | D:5      | Reached skill level 1 in Fighting
  6821 | D:5      | Reached skill level 7 in Ice Magic
  7351 | D:6      | Found a shimmering altar of Xom.
  7357 | D:6      | Reached skill level 1 in Shields
  7401 | D:6      | Reached XP level 9. HP: 38/48 MP: 8/16
  7565 | D:6      | Reached skill level 5 in Spellcasting
  8810 | D:7      | Reached skill level 8 in Ice Magic
 10168 | D:8      | Noticed a tengu conjurer
 10168 | D:8      | Noticed a tengu conjurer
 10175 | D:8      | Killed a tengu conjurer
 10176 | D:8      | Reached XP level 10. HP: 32/56 MP: 10/18
 10315 | D:8      | Found Athen's Magic Scroll Emporium.
 10338 | D:8      | Reached skill level 5 in Short Blades
 10340 | D:8      | Reached skill level 9 in Ice Magic
 10437 | D:8      | Noticed Psyche
 10442 | D:8      | Killed Psyche
 10620 | D:8      | Found a broken altar of Ashenzari.
 10849 | D:8      | Found a stormy altar of Qazlal.
 10852 | D:8      | Found a blossoming altar of Fedhas.
 11023 | D:8      | Learned a level 4 spell: Hailstorm
 11028 | D:8      | Learned a level 4 spell: Sticky Flame
 11032 | D:8      | Found Edebeh's Distillery.
 11039 | D:8      | Bought a potion of degeneration for 12 gold pieces
 11039 | D:8      | Bought a potion of heal wounds for 60 gold pieces
 11090 | D:8      | Reached XP level 11. HP: 62/62 MP: 20/20
 11353 | D:9      | Noticed Grum
 11367 | D:9      | Reached skill level 5 in Fighting
 11367 | D:9      | Killed Grum
 11610 | D:9      | Reached skill level 1 in Conjurations
 11610 | D:9      | Reached skill level 1 in Fire Magic
 11616 | D:9      | Noticed a two-headed ogre
 11641 | D:9      | HP: 1/63 [two-headed ogre/+0 giant club (24)]
 11644 | D:9      | Killed a two-headed ogre
 11645 | D:9      | Reached skill level 10 in Ice Magic
 12013 | D:9      | Noticed a two-headed ogre
 12019 | D:9      | Killed a two-headed ogre
 12303 | D:9      | Found a burning altar of Makhleb.
 12307 | D:9      | Identified the +1 robe of Limitation {rC++ Int+8 Dex-3}
 12382 | D:9      | Noticed a two-headed ogre
 12396 | D:9      | Killed a two-headed ogre
 12694 | D:9      | Noticed a two-headed ogre
 12702 | D:9      | Killed a two-headed ogre
 12703 | D:9      | Reached skill level 10 in Stealth
 12930 | D:9      | Found a staircase to the Lair.
 13036 | D:10     | Entered Level 10 of the Dungeon
 13419 | D:10     | Noticed a cyclops
 13430 | D:10     | Noticed a centaur warrior
 13430 | D:10     | Noticed a centaur warrior
 13431 | D:10     | Noticed a cyan ugly thing
 13431 | D:10     | Noticed a cyclops
 13468 | D:10     | Noticed an ogre mage
 13477 | D:10     | Noticed a centaur warrior
 13645 | D:10     | Noticed a two-headed ogre
 13658 | D:10     | Killed a two-headed ogre
 13659 | D:10     | Reached XP level 12. HP: 68/68 MP: 9/23
 13936 | D:10     | Noticed a two-headed ogre
 13958 | D:10     | HP: 3/68 [two-headed ogre/+0 giant club (19)]
 13959 | D:10     | Killed a two-headed ogre
 14651 | D:11     | Noticed Maurice
 14655 | D:11     | Killed Maurice
 14656 | D:11     | Reached skill level 1 in Evocations
 14656 | D:11     | Noticed Urug
 14665 | D:11     | Noticed a centaur warrior
 14667 | D:11     | Killed Urug
 14668 | D:11     | Reached skill level 11 in Ice Magic
 14668 | D:11     | Shot with an arrow by a centaur

Illustrated notes

Levels and vault maps discovered:
D:1:      lemuel_arrival_muddy, layout_basic, chequers_mini_garden,
          minmay_pentomino_q2
D:2:      layout_loops_ring, basic_altar, uniq_crazy_yiuf_cottage
D:3:      layout_rooms, general_overflow_altar, lemuel_coloured_pillars_altar,
          minmay_overflow_temple_star_quad,
          shapermc_ecumenical_altar_mp_ritualfount, roderic_serpentine_path
D:4:      layout_basic, minmay_temple_entry_sparse_star
D:5:      layout_basic, minivault_4, uniq_menkaure
D:6:      layout_rooms, brannock_xom_greatest_gift, minmay_unpleasant_kobolds
D:7:      layout_basic
D:8:      layout_basic, grunt_temple_overflow_forces_of_nature, kennysheep_mini,
          serial_shops, shop, shop_fountains, uniq_psyche
D:9:      layout_rooms, bloody_makhleb, erik_lair_orcish_takeover, uniq_grum
D:10:     layout_loops_corners, serial_bayou, serial_bayou_ford_a,
          serial_bayou_lagoon_b, serial_bayou_pond_e, serial_bayou_pond_e,
          minivault_12
D:11:     minmay_the_grid_triangle_9x9_line_8_mashed
          [minmay_the_grid_triangle_9x9_windchime,
          minmay_the_grid_triangle_9x9_thin_v,
          minmay_the_grid_triangle_9x9_negative_grid,
          minmay_the_grid_triangle_9x9_dagger,
          minmay_the_grid_triangle_9x9_sprig,
          minmay_the_grid_triangle_9x9_zippers_vertical,
          minmay_the_grid_triangle_9x9_pentomino_pain,
          minmay_the_grid_triangle_9x9_prize_schism], layout_loops_ring,
          corexii_checkpoint_a, kennysheep_just_a_vault, uniq_urug,
          uniq_maurice, uniq_josephine, uniq_erica
Temple:   nicolae_temple_hex_pool

Skill      XL: |  1  2  3  4  5  6  7  8  9 10 11 12 |
---------------+-------------------------------------+-----
Stealth        | 3 4 5 6 8 9 10 | 10.5
Dodging        | 3 4 5 6 7 |  7.0
Spellcasting   | 3 4 5 6 7 |  7.6
Ice Magic      | 5 6 7 8 9 10 11 | 11.0
Short Blades   | 2 4 6 7 |  7.0
Fighting       | 2 3 4 5 |  5.0
Shields        | 1 2 3 4 |  4.7
Conjurations   | 3 |  3.7
Fire Magic     | 3 |  3.6
Evocations     | 1 |  1.6

Action                   |  1- 3 |  4- 6 |  7- 9 | 10-12 || total
-------------------------+-------+-------+-------+-------++-------
Melee: Unarmed           |     2 |       |       |       ||     2
       Dagger            |     9 |    64 |    91 |       ||   164
       Rapier            |       |       |   211 |   107 ||   318
       Flail             |       |       |    29 |       ||    29
 Cast: Freeze            |    32 |    50 |    38 |    54 ||   174
       Frozen Ramparts   |       |     4 |    26 |    19 ||    49
       Ozocubu's Armour  |       |       |    13 |    10 ||    23
       Hailstorm         |       |       |       |     8 ||     8
       Sticky Flame      |       |       |       |     1 ||     1
Invok: Call Merchant     |       |       |       |     1 ||     1
  Use: Scroll            |       |       |    10 |     3 ||    13
       Potion            |       |       |       |     3 ||     3
 Stab: Sleeping          |     7 |    13 |    21 |    22 ||    63
       Distracted        |       |     1 |       |     3 ||     4
Armor: Robe              |     1 |    12 |    90 |    54 ||   157
Dodge: Dodged            |    24 |    45 |   299 |   134 ||   502

Table legend: (Time is in decaauts)
 A = Elapsed time spent in this place.
 B = Non-inter-level travel time spent in this place.
 C = Inter-level travel time spent in this place.
 D = Time resting spent in this place.
 E = Time spent auto-exploring this place.
 F = Levels seen in this place.
 G = Mean time per level.
                   A        B        C        D        E       F      G
               +--------+--------+--------+--------+--------+-----+--------+
         Total |  14739 |  14463 |    276 |   2924 |   9380 |  12 | 1228.2 |
       Dungeon |  14542 |  14277 |    265 |   2924 |   9213 |  11 | 1322.0 |
        Temple |    196 |    185 |     11 |      0 |    167 |   1 |  196.0 |
               +--------+--------+--------+--------+--------+-----+--------+

Top non-repeatable levels by time:
     D:4: 2195 daAuts
     D:5: 2069 daAuts
    D:10: 1646 daAuts
     D:9: 1568 daAuts
     D:6: 1497 daAuts
     D:7: 1422 daAuts
     D:8: 1289 daAuts
     D:2: 1207 daAuts
     D:1: 851 daAuts
     D:3: 758 daAuts
  Temple: 196 daAuts
    D:11: 33 daAuts
